 Dungeon Crawl Stone Soup version 0.29-a0-817-g9904bce7a6 (webtiles) character file.

Game seed: 1621611427303699066

233 blackman the Slasher (level 6, -8/47 HPs)
             Began as a Human Chaos Knight on July 5, 2022.
             Was a Plaything of Xom.
             Mangled by a gnoll
             ... wielding a +0 halberd
              (10 damage)
             ... on level 5 of the Dungeon.
             The game lasted 00:13:29 (3807 turns).

blackman the Slasher (Human Chaos Knight)           Turns: 3807, Time: 00:13:29

Health: -8/47      AC: 12    Str: 15    XL:     6   Next: 25%
Magic:  6/6        EV:  4    Int: 12    God:    Xom [....*.]
Gold:   244        SH:  4    Dex: 18    Spells: 5/5 levels left

rFire   . . .      SeeInvis .   a - +0 falchion (chaos)
rCold   + . .      Faith    .   s - +0 buckler
rNeg    . . .      Spirit   .   l - +0 plate armour {rC+}
rPois   .          Reflect  .   w - +1 hat {Will+}
rElec   .          Harm     .   r - scarf {repulsion}
rCorr   .          Rampage  .   (no gloves)
Will    +....                   y - +0 pair of boots
Stlth   ..........              (no amulet)
HPRegen 0.15/turn               p - +6 ring of dexterity
MPRegen 0.10/turn               (no ring)

@: repel missiles
A: beak
a: Renounce Religion


You were on level 5 of the Dungeon.
You worshipped Xom.
You were a beloved toy of Xom.
You visited 2 branches of the dungeon, and saw 6 of its levels.

You collected 244 gold pieces.

Inventory:

Hand Weapons
 a - a +0 falchion of chaos (weapon)
Missiles
 g - 3 datura-tipped darts
 i - 3 poisoned darts
 k - 5 javelins
Armour
 b - a +2 leather armour
 e - a +0 chain mail
 l - a +0 plate armour of cold resistance (worn)
 r - a scarf of repulsion (worn)
 s - a +0 buckler (worn)
 w - a +1 hat of willpower (worn)
 y - a +0 pair of boots (worn)
Jewellery
 p - a +6 ring of dexterity (left hand)
Scrolls
 d - a scroll of silence {unknown}
 f - 5 scrolls of teleportation
 h - a scroll of brand weapon {unknown}
 j - 6 scrolls of identify {unknown}
 m - a scroll of enchant armour {unknown}
 n - a scroll of fear {unknown}
 o - a scroll of fog {unknown}
 t - 2 scrolls of noise {unknown}
 v - 2 scrolls of amnesia {unknown}
Potions
 q - a potion of lignification {unknown}
 u - a potion of cancellation {unknown}
 x - a potion of resistance {unknown}
 z - 2 potions of attraction {unknown}
 A - a potion of curing {unknown}
Miscellaneous
 c - a piece from Xom's chessboard (13/15) (quivered)


   Skills:
 - Level 3.0 Fighting
 + Level 6.5 Long Blades
 - Level 2.0 Armour
 - Level 1.0 Dodging


You had 5 spell levels left.
You didn't know any spells.
Your spell library contained the following spells:

 Spells                   Type           Power      Damage    Failure   Level
 Blink                    Tloc           0%         N/A       100%        2
 Dazzling Flash           Conj/Hex       0%         N/A       100%        3
 Tukima's Dance           Hex            0%         N/A       100%        3
 Passage of Golubria      Tloc           0%         N/A       100%        4
 Agony                    Necr           0%         N/A       100%        5
 Manifold Assault         Tloc           0%         N/A       100%        5
 Silence                  Hex/Air        0%         N/A       100%        5
 Yara's Violent Unravell  Hex/Tmut       0%         3d3       100%        5
 Storm Form               Tmut/Air       0%         N/A       100%        7


Dungeon Overview and Level Annotations

Branches:
Dungeon (5/15)             Temple (1/1) D:4

Altars:
Uskayaw

Shops:
D:3 (


Innate Abilities, Weirdness & Mutations

You have a beak for a mouth.


Message History

The gnoll is heavily wounded.
You block the gnoll's attack. The gnoll barely misses you.
The gnoll hits you but does no damage.
You hit the gnoll but do no damage.
The gnoll is heavily wounded.
The gnoll hits you with a +0 flail.
The gnoll hits you from afar with a +0 spear.
You block the gnoll's attack.
You hit the gnoll. Lightning courses through the gnoll!!
You kill the gnoll!
The gnoll hits you but does no damage.
The gnoll hits you from afar with a +0 halberd!
You barely miss the hound. You peck the hound.
The hound is moderately wounded.
The hound bites you but does no damage. The hound bites you.
The gnoll hits you from afar with a +0 spear!
You block the gnoll's attack.
You hit the hound.
The hound is moderately wounded.
The hound bites you but does no damage.
The gnoll hits you but does no damage. x2
The hound bites you but does no damage.
You miss the hound. Your peck misses the hound.
The hound is moderately wounded.
The hound bites you.
* * * LOW HITPOINT WARNING * * *
The gnoll hits you but does no damage.
The gnoll hits you from afar with a +0 spear.
* * * LOW HITPOINT WARNING * * *
You make a move on Xom's chessboard...
The gnoll twists and deforms.
The hound bites you but does no damage. The gnoll barely misses you.
The gnoll hits you from afar with a +0 halberd!
* * * LOW HITPOINT WARNING * * *
You block the hound's attack.
You make a move on Xom's chessboard...
The gnoll twists and deforms.
The hound bites you but does no damage.
The gnoll hits you from afar with a +0 spear.
* * * LOW HITPOINT WARNING * * *
The gnoll hits you from afar with a +0 halberd!
You die...
Xom titters!

.### ..
...######.#
#......#.#
#......#.#
#......#.####.
##.#......#......
....h.gg...#
##.#.##h##.# #.
#@##.# #
#.##)##.#
#.#.#...#.#
#.........#
###.......#
#.......###.#
#.....<....[#
##......#####
##...###


You could see a hound and 2 gnolls.

Vanquished Creatures
  A hound (D:4)
  An iguana (D:4)
  3 orc wizards (D:3)
  A gnoll (D:5)
  3 adders
  A worm (D:2)
  A dart slug (D:3)
  2 orcs (D:3)
  9 ball pythons
  6 endoplasms
  4 giant cockroaches
  3 goblins
  3 hobgoblins
  9 jackals
  3 quokkas
  5 bats
  A frilled lizard (D:1)
  6 kobolds
  6 rats
68 creatures vanquished.

Vanquished Creatures (collateral kills)
  A ball python (D:4)
1 creature vanquished.

Vanquished Creatures (others)
  A ball python zombie (D:4)
1 creature vanquished.

Grand Total: 70 creatures vanquished

Notes
Turn   | Place    | Note
-------+----------+-------------------------------------------
     0 | D:1      | blackman the Human Chaos Knight began the quest for the
                  | Orb.
     0 | D:1      | Reached XP level 1. HP: 18/18 MP: 1/1
    38 | D:1      | XOM: silly message
   130 | D:1      | XOM: butterfly on damage
   240 | D:1      | Reached XP level 2. HP: 20/24 MP: 2/2
   778 | D:1      | XOM: silly message
   917 | D:1      | Reached skill level 4 in Long Blades
   917 | D:1      | Reached XP level 3. HP: 29/29 MP: 3/3
  2100 | D:3      | Reached XP level 4. HP: 35/35 MP: 4/4
  2315 | D:3      | Reached skill level 5 in Long Blades
  2357 | D:3      | Reached XP level 5. HP: 17/41 MP: 5/5
  2423 | D:3      | XOM: silly message
  2630 | D:3      | XOM: silly message
  2940 | D:3      | Found Uschell's Weapon Emporium.
  3141 | D:3      | Noticed a +0 spear
  3141 | D:3      | Noticed a +0 spear
  3141 | D:3      | Noticed a +0 dagger
  3142 | D:3      | Noticed a +0 dagger
  3143 | D:3      | Noticed a +0 falchion
  3143 | D:3      | Noticed a +0 short sword
  3144 | D:3      | Noticed a +0 short sword
  3144 | D:3      | Noticed a +0 falchion
  3153 | D:3      | Found a hide-covered altar of Uskayaw.
  3232 | D:3      | XOM: silly message
  3272 | D:4      | Reached skill level 6 in Long Blades
  3359 | D:4      | Reached XP level 6. HP: 47/47 MP: 6/6
  3531 | D:4      | XOM: divination: magic mapping
  3593 | D:4      | XOM: give mutation
  3593 | D:4      | Gained mutation: You have a beak for a mouth. [Xom's grace]
  3620 | D:4      | Found a staircase to the Ecumenical Temple.
  3742 | Temple   | Entered the Ecumenical Temple
  3775 | D:5      | Entered Level 5 of the Dungeon
  3807 | D:5      | HP: 2/47 [gnoll/+0 spear (1)]
  3807 | D:5      | Mangled by a gnoll

Illustrated notes

Levels and vault maps discovered:
D:1:      grunt_arrival_lava_bath, layout_loops_cross
D:2:      layout_loops_ring, hangedman_decor_points,
          dreamdust_princess_corridor, grunt_ministairs_14, minmay_pentomino_v2
D:3:      layout_loops_corners, nicolae_uskayaw_en_pointe, serial_shops,
          nicolae_shop_bloodbath_and_beyond
D:4:      layout_cave_pools, temple_doors_e, serial_column_ruins,
          column_ruins_circle_medium, column_ruins_circle_small,
          column_ruins_columns_corner, column_ruins_open_medium,
          column_ruins_columns_dead_end, column_ruins_open_small_water,
          column_ruins_grid_1, column_ruins_grid_3, column_ruins_grid_1
D:5:      layout_loops_cross, mainiacjoe_overflow_brackets,
          lemuel_coloured_pillars_altar, elyvilon_altar_3, serial_shops, shop
Temple:   jpeg_temple_island

Skill      XL: |  1  2  3  4  5 |
---------------+----------------+-----
Long Blades    | 4 5 6 |  6.5
Fighting       | |  3.0
Armour         | |  2.0
Dodging        | |  1.0

Action                   |  1- 3 |  4- 6 || total
-------------------------+-------+-------++-------
Melee: Falchion          |   112 |   118 ||   230
       Punch             |     1 |       ||     1
       Peck              |       |     2 ||     2
Evoke: Piece from Xom's  |     1 |     5 ||     6
  Use: Scroll            |       |     1 ||     1
 Stab: Petrified         |     2 |       ||     2
       Petrifying        |     1 |       ||     1
       Confused          |       |     1 ||     1
Armor: Chain mail        |    33 |       ||    33
       Plate armour      |    73 |    86 ||   159
Dodge: Dodged            |    31 |    16 ||    47
       Repelled          |       |     1 ||     1
Block: Buckler           |       |    35 ||    35

Table legend: (Time is in decaauts)
 A = Elapsed time spent in this place.
 B = Non-inter-level travel time spent in this place.
 C = Inter-level travel time spent in this place.
 D = Time resting spent in this place.
 E = Time spent auto-exploring this place.
 F = Levels seen in this place.
 G = Mean time per level.
                   A        B        C        D        E       F      G
               +--------+--------+--------+--------+--------+-----+--------+
         Total |   3825 |   3627 |    198 |    191 |   2811 |   6 |  637.5 |
       Dungeon |   3824 |   3626 |    198 |    191 |   2811 |   5 |  764.8 |
        Temple |      1 |      1 |      0 |      0 |      0 |   1 |    1.0 |
               +--------+--------+--------+--------+--------+-----+--------+

Top non-repeatable levels by time:
     D:3: 1206 daAuts
     D:1: 1089 daAuts
     D:2: 970 daAuts
     D:4: 525 daAuts
     D:5: 32 daAuts
  Temple: 1 daAuts
